 Dungeon Crawl Stone Soup version 0.29-a0-341-g24ffce5b50 (webtiles) character file.

Game seed: 4555466396922569656

567 spaghetti the Vandal (level 6, 0/48 HPs)
             Began as a Demigod Hunter on Apr 20, 2022.
             Slain by an orc wizard
             ... wielding a +0 dagger
              (3 damage)
             ... on level 4 of the Dungeon.
             The game lasted 00:06:14 (3771 turns).

spaghetti the Vandal (Demigod Hunter)               Turns: 3771, Time: 00:06:14

Health: 0/48       AC:  3    Str: 12    XL:     6   Next: 85%
Magic:  8/8        EV: 12    Int: 19    God:
Gold:   138        SH:  0    Dex: 17    Spells: 5/5 levels left

rFire   + . .      SeeInvis .   a - +1 hunting sling (flame) {sling}
rCold   . . .      Faith    .   (no shield)
rNeg    . . .      Spirit   .   b - +0 leather armour
rPois   .          Reflect  .   (no helmet)
rElec   .          Harm     .   (no cloak)
rCorr   .          Rampage  .   (no gloves)
Will    .....                   (no boots)
Stlth   ++........              (no amulet)
HPRegen 0.16/turn               (no ring)
MPRegen 0.11/turn               (no ring)

@: no status effects
A: high MP 1, forlorn, divine attributes, fire resistance 1
a: no special abilities


You were on level 4 of the Dungeon.
You visited 1 branch of the dungeon, and saw 4 of its levels.

You collected 138 gold pieces.


Innate Abilities, Weirdness & Mutations

You have an increased reservoir of magic. (+10% MP)
You shall have no god before yourself.
Your divine heritage dramatically boosts your attributes as you level up.
Your flesh is heat resistant. (rF+)


   Skills:
 - Level 1.7 Fighting
 - Level 6.0 Slings
 - Level 1.7 Dodging
 - Level 0.8 Stealth
 + Level 4.8 Summonings


You had 5 spell levels left.
You didn't know any spells.
Your spell library contained the following spells:

 Spells                   Type           Power      Damage    Failure   Level
 Magic Dart               Conj           0%         1d3       26%         1
 Searing Ray              Conj           0%         2d4       36%         2
 Cause Fear               Hex            0%         N/A       95%         4
 Fulminant Prism          Conj/Hex       0%         3d6       95%         4
 Dragon Form              Tmut           0%         N/A       100%        7
 Dragon's Call            Summ           9%         N/A       100%        9

Inventory:

Hand Weapons
 a - a +1 hunting sling of flaming (weapon) {sling}
 n - a +0 dagger of protection {short}
   (You took it off a kobold on level 2 of the Dungeon)
Missiles
 d - 218 stones {throwing}
 f - 17 poisoned darts {throwing}
 k - 5 silver boomerangs {throwing}
Armour
 b - a +0 leather armour (worn)
Magical Staves
 o - a staff of conjuration {!a@e2staff}
   (You took it off a goblin on level 3 of the Dungeon)
Jewellery
 l - a +4 ring of protection
   (You took it off a hobgoblin on level 2 of the Dungeon)
Wands
 s - a wand of paralysis (4)
   (You found it on level 3 of the Dungeon)
Scrolls
 c - a scroll of immolation {!r!r}
 e - a scroll of identify {@r1}
 g - a scroll of fog
Potions
 j - a potion of magic
 m - a potion of flight

Dungeon Overview and Level Annotations

Branches:
Dungeon (4/15)
 Temple: D:4-7

Annotations:
D:4 Duvessa

####.##.#.# ........####.#.
#.##.#.##...........##.#. <.
#.##.#.##........##.##.#. ..
####.##.#.##........##.##.## #.
#....##.#..............##...
#.##....##.#.##..##.#.##.....##
#.#.....##.#.##..##.#.##.....##
###.#.###.#........##.#.##)....##
....#...........@o..)e.)....#####
###.......#.....{.....#.##....# #
................#.#####..+....# #
.##.#.#######.#.#.########....###
....#..........................o+
......##........#.########....###
.####.#.............# #....# # .#
#.#.........#.#.# #....# # .#
#.#.........#.#.# ########


You could see Duvessa (paralysed) and an orc priest (paralysed).


Message History

You shoot a sling bullet.
The sling bullet barely misses the orc. 😨 HP[+1] Fire: a) +1 hunting sling (flame) {sling}
Press: ? - help, Q - select action, (/) - cycle Shift-Dir - straight line, f/p - orc
Aim: an orc, wielding a +0 mace (62% to hit)
You shoot a sling bullet. The sling bullet hits the orc.
The sling bullet burns the orc.
Fire: a) +1 hunting sling (flame) {sling}
Press: ? - help, Q - select action, (/) - cycle Shift-Dir - straight line, f/p - orc
Aim: an orc, wielding a +0 mace (heavily wounded, 62% to hit)
You shoot a sling bullet. The sling bullet hits the orc.
The sling bullet burns the orc.
Fire: a) +1 hunting sling (flame) {sling}
Press: ? - help, Q - select action, (/) - cycle Shift-Dir - straight line, f/p - orc
Aim: an orc, wielding a +0 mace (severely wounded, 62% to hit)
You shoot a sling bullet. The sling bullet barely misses the orc.
Fire: a) +1 hunting sling (flame) {sling}
Press: ? - help, Q - select action, (/) - cycle Shift-Dir - straight line, f/p - orc
Aim: an orc, wielding a +0 mace (severely wounded, 62% to hit)
You shoot a sling bullet. The sling bullet hits the orc.
The sling bullet burns the orc.
You kill the orc!
Fire: a) +1 hunting sling (flame) {sling}
Press: ? - help, Q - select action, (/) - cycle Shift-Dir - straight line, f - orc
Aim: an orc, wielding a +0 dagger (62% to hit)
You shoot a sling bullet.
The sling bullet barely misses the orc. 😨 HP[+1] Fire: a) +1 hunting sling (flame) {sling}
Press: ? - help, Q - select action, (/) - cycle Shift-Dir - straight line, f/p - orc
Aim: an orc, wielding a +0 dagger (62% to hit)
You shoot a sling bullet. The sling bullet barely misses the orc.
Fire: a) +1 hunting sling (flame) {sling}
Press: ? - help, Q - select action, (/) - cycle Shift-Dir - straight line, f/p - orc
Aim: an orc, wielding a +0 dagger (62% to hit)
You shoot a sling bullet. The sling bullet barely misses the orc.
Fire: a) +1 hunting sling (flame) {sling}
Press: ? - help, Q - select action, (/) - cycle Shift-Dir - straight line, f/p - orc
Aim: an orc, wielding a +0 dagger (62% to hit)
You shoot a sling bullet. The sling bullet hits the orc!
The sling bullet burns the orc.
You kill the orc!
Fire: a) +1 hunting sling (flame) {sling}
Press: ? - help, Q - select action, (/) - cycle Shift-Dir - straight line, f - orc priest
Aim: an orc priest, wielding a +0 club (62% to hit)
You shoot a sling bullet.
The sling bullet barely misses the orc priest.
The orc priest looks satisfied for a moment. 😨 HP[+1]
Aiming: Paralyse
Press: ? - help, Shift-Dir - straight line, f/p - orc priest
Aim: an orc priest, wielding a +0 club (chance to affect: 49%) Duvessa easily resists.
Aiming: Paralyse
Press: ? - help, Shift-Dir - straight line, f/p - orc priest
Aim: an orc priest, wielding a +0 club (chance to affect: 49%) Duvessa suddenly stops moving!
Fire: a) +1 hunting sling (flame) {sling}
Press: ? - help, Shift-Dir - straight line, f/p - orc priest
Aim: an orc priest, wielding a +0 club (62% to hit)
The orc priest invokes the aid of Beogh against you.
Pain shoots through your body!
* * * LOW HITPOINT WARNING * * *
😱 HP[-11]
You take 11 damage, and now have 4/48 hp.
MASSIVE DAMAGE!! (PAUSE)
Okay, then.
You feel better. Something hits you.
* * * LOW HITPOINT WARNING * * *
😱 HP[+7]
You regained 7 hp, and now have 11/48 hp.
It was a potion of mutation.
You feel extremely strange.
You feel resistant to heat. Something hits you.
* * * LOW HITPOINT WARNING * * *
Okay, then.
Aiming: Paralyse
Press: ? - help, Shift-Dir - straight line, f/p - orc priest
Aim: an orc priest, wielding a +0 club (chance to affect: 49%)
The orc priest resists with some effort.
Something hits you but does no damage.
Aiming: Paralyse
Press: ? - help, Shift-Dir - straight line, f/p - orc priest
Aim: an orc priest, wielding a +0 club (chance to affect: 49%)
The orc priest resists with some effort.
You hear some strange, mumbled words.
Something tries to affect you, but you resist.
Aiming: Paralyse
Press: ? - help, Shift-Dir - straight line, f/p - orc priest
Aim: an orc priest, wielding a +0 club (chance to affect: 49%)
The orc priest suddenly stops moving!
You hear some strange, mumbled words.
A magic dart appears from out of thin air!
The magic dart hits you!
* * * LOW HITPOINT WARNING * * *
😱 HP[-8]
You take 8 damage, and now have 3/48 hp.
Aiming: Paralyse
Press: ? - help, Shift-Dir - straight line, p - orc priest Nothing appears to happen.
Something hits you.
You die...

Skill      XL: |  1  2  3  4  5  6 |
---------------+-------------------+-----
Slings         | 4 5 6 |  6.0
Summonings     | 3 4 |  4.8
Fighting       | |  1.7
Dodging        | |  1.7
Stealth        | |  0.8

Action                   |  1- 3 |  4- 6 || total
-------------------------+-------+-------++-------
 Fire: Hunting sling     |   121 |   154 ||   275
Evoke: Wand              |       |     6 ||     6
  Use: Scroll            |     5 |     2 ||     7
       Potion            |       |     9 ||     9
Armor: Leather armour    |     6 |    19 ||    25
       Skin              |       |    10 ||    10
Dodge: Dodged            |    23 |    38 ||    61

Levels and vault maps discovered:
D:1:      dpeg_cavernosity, layout_loops_ring, minmay_cut_off
D:2:      layout_loops_ring, ebering_ecumenical_altar_webs
D:3:      layout_basic, gammafunk_temple_overflow_pools, moated_statue,
          chequers_serial_rivers_micro_d, patterned_corridor
D:4:      layout_basic, uniq_sigmund, uniq_grinder, uniq_duvessa, uniq_natasha

Notes
Turn   | Place    | Note
-------+----------+-------------------------------------------
     0 | D:1      | spaghetti the Demigod Hunter began the quest for the Orb.
     0 | D:1      | Reached XP level 1. HP: 17/17 MP: 3/3
     0 | D:1      | magus.rc [v1.9.6]
   173 | D:1      | Reached skill level 4 in Slings
   295 | D:1      | Reached XP level 2. HP: 24/24 MP: 4/4
  1155 | D:2      | Reached XP level 3. HP: 29/29 MP: 5/5
  1273 | D:2      | Reached skill level 5 in Slings
  1876 | D:2      | Reached XP level 4. HP: 36/36 MP: 6/6
  2566 | D:3      | You pick up a book of the Dragon and begin reading...
  2566 | D:3      | You add the spells Cause Fear, Dragon Form and Dragon's
                  | Call to your library.
  2714 | D:3      | Reached skill level 6 in Slings
  2714 | D:3      | Reached XP level 5. HP: 29/41 MP: 7/7
  3358 | D:4      | Noticed Sigmund
  3361 | D:4      | Killed Sigmund
  3362 | D:4      | Reached skill level 3 in Summonings
  3362 | D:4      | Reached XP level 6. HP: 48/48 MP: 8/8
  3451 | D:4      | Noticed Grinder
  3457 | D:4      | Paralysed by Grinder for 2 turns
  3470 | D:4      | Paralysed by Grinder for 5 turns
  3478 | D:4      | Killed Grinder
  3479 | D:4      | Reached skill level 4 in Summonings
  3671 | D:4      | You pick up a book of Conjurations {@e2} and begin
                  | reading...
  3671 | D:4      | You add the spells Magic Dart, Searing Ray and Fulminant
                  | Prism to your library.
  3728 | D:4      | HP: 9/48 [orc priest/divine providence (11)]
  3730 | D:4      | Noticed Duvessa
  3765 | D:4      | HP: 4/48 [orc priest/nerve-wracking pain (11)]
  3767 | D:4      | Gained mutation: Your flesh is heat resistant. (rF+)
                  | [potion of mutation]
  3770 | D:4      | HP: 3/48 [something/magic dart (8)]
  3771 | D:4      | Slain by an orc wizard

Vanquished Creatures
  Grinder (D:4)
  Sigmund (D:4)
  An orc priest (D:4)
  An orc wizard (D:3)
  3 gnolls (D:2)
  3 adders (D:3)
  A worm (D:2)
  A dart slug (D:1)
  9 orcs
  5 bats
  9 endoplasms
  2 giant cockroaches
  10 goblins
  9 hobgoblins
  4 jackals (D:3)
  6 quokkas
  10 ball pythons
  6 frilled lizards
  3 kobolds
  2 rats (D:3)
87 creatures vanquished.

Table legend:
 A = Non-vault XP
 B = Vault XP
 C = Vault XP percentage of total XP
 D = Non-vault monster count
 E = Vault monster count
 F = Vault count percentage of total count
                 A         B        C        D         E       F
            +---------+---------+-------+---------+---------+-------
      Total |     297 |     514 |  63.4 |      80 |       7 |   8.0
            +---------+---------+-------+---------+---------+-------
        D:1 |      29 |      10 |  25.6 |      17 |       5 |  22.7
        D:2 |      78 |       0 |   0.0 |      21 |       0 |   0.0
        D:3 |     136 |       0 |   0.0 |      35 |       0 |   0.0
        D:4 |      54 |     504 |  90.3 |       7 |       2 |  22.2
            +---------+---------+-------+---------+---------+-------

Illustrated notes

Table legend:
 A = Kills in this place as a percentage of kills in entire the game.
 B = Kills by you in this place as a percentage of kills by you in the entire game.
 C = Kills by friends in this place as a percentage of kills by friends in the entire game.
 D = Other kills in this place as a percentage of other kills in the entire game.
 E = Experience gained in this place as a percentage of experience gained in the entire game.
 F = Experience gained in this place divided by the number of levels of this place that you have seen.
                   A       B       C       D       E      F
               +-------+-------+-------+-------+-------+----------------------
         Total | 100.0 | 100.0 |   N/A |   N/A | 100.0 | 202.8
       Dungeon | 100.0 | 100.0 |   N/A |   N/A | 100.0 | 202.8
               +-------+-------+-------+-------+-------+----------------------

Table legend: (Time is in decaauts)
 A = Elapsed time spent in this place.
 B = Non-inter-level travel time spent in this place.
 C = Inter-level travel time spent in this place.
 D = Time resting spent in this place.
 E = Time spent auto-exploring this place.
 F = Levels seen in this place.
 G = Mean time per level.
                   A        B        C        D        E       F      G
               +--------+--------+--------+--------+--------+-----+--------+
         Total |   3849 |   3648 |    201 |    305 |   2813 |   4 |  962.2 |
       Dungeon |   3849 |   3648 |    201 |    305 |   2813 |   4 |  962.2 |
               +--------+--------+--------+--------+--------+-----+--------+

Top non-repeatable levels by time:
     D:3: 1433 daAuts
     D:1: 1120 daAuts
     D:2: 845 daAuts
     D:4: 449 daAuts
